 Dungeon Crawl Stone Soup version 0.19-a0-1206-g6bcb79c (webtiles) character file.

107 epen the Cudgeler (level 4, -5/29 HPs)
             Began as a Gargoyle Monk on Aug 21, 2016.
             Killed from afar by an orc wizard (10 damage)
             ... with a magic dart
             ... on level 3 of the Dungeon.
             The game lasted 00:02:02 (1740 turns).

epen the Cudgeler (Gargoyle Monk)                   Turns: 1740, Time: 00:02:03

Health: -5/29      AC:  5    Str: 16    XL:     4   Next: 85%
Magic:  4/4        EV: 13    Int: 10    God:
Gold:   46         SH:  0    Dex: 12    Spells: 0 memorised, 3 levels left

rFire  . . .     SeeInvis .     i - +2 dagger (venom)
rCold  . . .     Gourm    +     b - +0 robe
rNeg   + . .     Faith    .     (no shield)
rPois  ∞         Spirit   .     (no helmet)
rElec  +         Dismiss  .     (no cloak)
rCorr  .         Reflect  .     (no gloves)
MR     .....     Harm     .     (no boots)
Stlth  ++........               j - amulet of the gourmand
                                (no ring)
                                (no ring)

@: no status effects
A: negative energy resistance 1, electricity resistance, unbreathing,
petrification resistance, rot immunity, AC +3
a: no special abilities


You were on level 3 of the Dungeon.
You were not hungry.

You visited 1 branch of the dungeon, and saw 3 of its levels.

You collected 46 gold pieces.

Inventory:

Hand Weapons
 a - a +0 mace
 i - a +2 dagger of venom (weapon)
Armour
 b - a +0 robe (worn)
Jewellery
 j - an amulet of the gourmand (around neck)
Scrolls
 d - 4 scrolls of identify {unknown}
 e - a scroll of fear {unknown}
 h - a scroll of enchant weapon {unknown}
 l - a scroll of noise {unknown}
 r - a scroll of enchant armour {unknown}
Potions
 g - a potion of lignification {unknown}
 k - 2 potions of heal wounds {unknown}
 m - a potion of curing {unknown}
 n - a potion of agility {unknown}
 q - a potion of degeneration {unknown}
Books
 o - a book of Power

   Spells                             Type                      Level
   a - Fulminant Prism                Conjuration/Hexes            4
   b - Iskenderun's Mystic Blast      Conjuration                  4
   c - Venom Bolt                     Conjuration/Poison           5
   d - Bolt of Magma                  Conjuration/Fire/Earth       5
   e - Iron Shot                      Conjuration/Earth            6
   f - Orb of Destruction             Conjuration                  7
   g - Spellforged Servitor           Conjuration/Summoning        7
Comestibles
 c - 3 bread rations
 f - 3 meat rations
 p - a royal jelly


   Skills:
 + Level 3.9 Fighting
 * Level 4.0 Maces & Flails
 * Level 2.4 Armour
 + Level 2.7 Dodging
 - Level 2.1 Stealth


You had 3 spell levels left.
You didn't know any spells.

Dungeon Overview and Level Annotations

Branches:
Dungeon (3/15)

Altars:


Innate Abilities, Weirdness & Mutations

You are resistant to torment.
Your stone body is resilient. (AC +3)
You are immune to poison.
You resist negative energy. (rN+)
You are resistant to electric shocks. (rElec)
You can survive without breathing.
You are immune to petrification.
You are immune to rotting.


Message History

You kill the orc!
No target in view!
No target in view!
No target in view!
You hit something.
You hear some strange, mumbled words.
A puff of flame appears from out of thin air!
The puff of flame hits you!
No target in view!
You barely miss something. Something hits you.
You barely miss something. Something hits you.
You miss something. Something hits you but does no damage.
You hit something but do no damage. Something hits you but does no damage.
You completely miss something. Something hits you.
* * * LOW HITPOINT WARNING * * *
Something hits you.
* * * LOW HITPOINT WARNING * * *
A magic dart appears from out of thin air!
The magic dart hits you!
You die...

#.# ##.#.... # #.# #..####. #.
#.# ##.#####. #. #.# #........
#. #.##.# #........ ######.##
#..#.# #........ .=....$.###
#...## #........
....(...#.####...# #........
........#....@...# ##........
.)......#†.....#..###....†....
.(.....o#)...................(
#...............#...#..#..)
###[###....###..#..##.##...
#.. #....# ##............ #..
#..........#......... #..
#.....###....<.##.... #..
###...........#...##


There were no monsters in sight!

Vanquished Creatures
  4 adders (D:2)
  A worm (D:2)
  3 dart slugs
  3 giant geckos
  2 orcs (D:3)
  5 bats
  2 giant cockroaches (D:2)
  12 goblins
  5 hobgoblins
  2 jackals (D:1)
  A ball python (D:2)
  A giant newt (D:2)
  7 kobolds
  7 rats
55 creatures vanquished.

Notes
Turn   | Place    | Note
-------+----------+-------------------------------------------
     0 | D:1      | epen the Gargoyle Monk began the quest for the Orb.
     0 | D:1      | Reached XP level 1. HP: 14/14 MP: 1/1
    49 | D:1      | Reached skill level 1 in Armour
    49 | D:1      | Reached XP level 2. HP: 10/19 MP: 2/2
   611 | D:1      | Reached XP level 3. HP: 20/23 MP: 3/3
  1232 | D:2      | Reached XP level 4. HP: 27/29 MP: 4/4
  1339 | D:2      | Reached skill level 4 in Maces & Flails
  1740 | D:3      | Killed from afar by an orc wizard

Vault maps used:
D:1:      minmay_arrival_stone_box

Skill      XL: |  1  2  3  4 |
---------------+-------------+-----
Armour         | 1 2 |  2.4
Maces & Flails | 4 |  4.0
Fighting       | |  3.9
Dodging        | |  2.7
Stealth        | |  2.1

Action                   |  1- 3 |  4- 6 || total
-------------------------+-------+-------++-------
Melee: Mace              |    69 |       ||    69
       Dagger            |    16 |    68 ||    84
 Stab: Sleeping          |     2 |     2 ||     4
       Distracted        |       |     1 ||     1
  Eat: Chunk             |     1 |     5 ||     6
Armor: Robe              |    16 |    19 ||    35
Dodge: Dodged            |    53 |    35 ||    88
